 Dungeon Crawl Stone Soup version 0.31-a0-1178-gc5c9b8f871 (webtiles) character file.

Game seed: 18187038167245022063

383 qw the Shooter (level 6, 0/38 HPs)
             Began as a Gargoyle Hunter on Dec 11, 2023.
             Was an Initiate of Okawaru.
             Slain by Eustachio
             ... wielding a +6 rapier of speed
              (4 damage)
             ... on level 5 of the Dungeon.
             The game lasted 00:01:13 (2870 turns).

qw the Shooter (Gargoyle Hunter)                    Turns: 2870, Time: 00:01:14

Health: 0/38       AC: 11    Str: 19    XL:     6   Next: 76%
Magic:  6/6        EV: 11    Int:  9    God:    Okawaru [......]
Gold:   108        SH:  0    Dex: 15    Spells: 5/5 levels left

rFire   + + .        a - +1 shortbow (freeze)
rCold   . . .        (shield currently unavailable)
rNeg    + . .        i - +0 ring mail
rPois   inf          (no helmet)
rElec   +            (no cloak)
rCorr   .            k - +0 pair of gloves
SInv    +            b - +0 pair of boots
Will    +....        (no amulet)
Stlth   +            f - ring of protection from fire
HPRegen 0.26/turn    j - ring of the Monkey {rF+ Str+4 Slay+3 SInv}
MPRegen 0.10/turn

%: no passive effects
@: enlightened, flying, hasted, very quick
A: sickness immunity, AC +4, negative energy resistance 1, electricity
resistance, torment resistance 1, petrification resistance
a: Renounce Religion


You were on level 5 of the Dungeon.
You worshipped Okawaru.
Okawaru was noncommittal.
You visited 2 branches of the dungeon, and saw 6 of its levels.

You collected 164 gold pieces.
You spent 56 gold pieces at shops.


Innate Abilities, Weirdness & Mutations

You are immune to sickness and miasma.
Your stone body is resilient. (AC +4)
You are immune to poison.
You resist negative energy. (rN+)
You are resistant to electric shocks. (rElec)
You are resistant to unholy torment.
You are immune to petrification.


   Skills:
 - Level 4.1 Fighting
 + Level 6.8 Ranged Weapons
 - Level 1.9 Armour
 - Level 1.5 Dodging
 - Level 1.1 Stealth


You had 5 spell levels left.
You didn't know any spells.
Your spell library was empty.

Inventory:

Hand Weapons
 a - a +1 shortbow of freezing (weapon)
Armour
 b - a +0 pair of boots (worn)
 i - a +0 ring mail (worn)
 k - a +0 pair of gloves (worn)
Jewellery
 f - a ring of protection from fire (left hand)
 j - the ring of the Monkey (right hand) {rF+ Str+4 Slay+3 SInv}
   (You found it on level 2 of the Dungeon)

   [ring of protection from fire]

   Str+4:     It affects your strength (+4).
   Slay+3:    It affects your accuracy & damage with ranged weapons and melee
   (+3).
   rF+:       It protects you from fire.
   SInv:      It lets you see invisible.
 m - a ring of protection from cold
 o - a ring of resist corrosion
 p - a +6 ring of dexterity
Scrolls
 g - a scroll of amnesia {unknown}
Potions
 c - a potion of magic
 d - a potion of cancellation
 e - 3 potions of curing
 h - a potion of resistance

Dungeon Overview and Level Annotations

Branches:
Dungeon (5/15)             Temple (1/1) D:4

Altars:
Ashenzari
Cheibriados
Dithmenos
Elyvilon
Gozag
Hepliaklqana
Kikubaaqudgha
Nemelex Xobeh
Okawaru
Qazlal
Ru
Sif Muna
Trog
Uskayaw
Vehumet
Wu Jian
Yredelemnul
Zin
The Shining One

Shops:
D:2 [   D:5 =

Annotations:
D:5 2 runed translucent doors, Eustachio


Message History

You shoot an arrow. The arrow misses Eustachio.
Eustachio casts a spell.
You shoot an arrow. The arrow hits Eustachio.
The arrow freezes Eustachio.
Eustachio is heavily wounded.
Eustachio hits you but does no damage.
You shoot an arrow. The arrow misses Eustachio.
The arrow hits the iron imp.
The iron imp is lightly wounded.
Eustachio hits you with a +6 rapier of speed.
You shoot an arrow. The arrow hits Eustachio.
The arrow freezes Eustachio.
Eustachio is heavily wounded.
Eustachio hits you with a +6 rapier of speed! x2
You shoot an arrow. The arrow closely misses Eustachio.
The arrow barely misses the iron imp.
Eustachio barely misses you. Eustachio closely misses you.
You shoot an arrow. The arrow closely misses Eustachio.
The arrow hits the iron imp but does no damage.
The iron imp is lightly wounded.
Eustachio hits you with a +6 rapier of speed.
You shoot an arrow. The arrow closely misses Eustachio.
The arrow hits the iron imp.
The arrow freezes the iron imp.
The iron imp is heavily wounded.
Eustachio closely misses you. x2
You shoot an arrow. The arrow closely misses Eustachio.
The arrow hits the iron imp.
The iron imp is severely wounded.
Eustachio hits you with a +6 rapier of speed!
Eustachio misses you.
2868 ||| DRINKING silvery potion.
It was a potion of haste.
You feel yourself speed up.
Eustachio hits you with a +6 rapier of speed.
2869 ||| DRINKING fuming silvery potion.
It was a potion of enlightenment.
You feel very buoyant.
You fly up into the air.
Eustachio casts a spell.
You shoot an arrow. The arrow hits Eustachio!
The arrow freezes Eustachio.
Eustachio is almost dead.
Eustachio hits you with a +6 rapier of speed.
You die...
Eustachio says, "Such is the fate of all honourless rascals."

#........# # .. ####.....#
##.(.........##.#.####...%....###
................#.##....8.\.<.8.#
......##..........#...%..%....#.#
....#............................
....###........###............###
.....##........###.......##.###
................##..........#
................@@55........###
..............#.##5...........##
............###..##..#.........#
#.............#.###.##..##.....+
................# #.....# ..#..#
....................#.... ...###
............#........)........#
.......<....##..#...5..........#
..###.....####.##.....5.........


You could see Eustachio, an iron imp (summoned), a quasit (summoned) and an
ufetubus (summoned).

Vanquished Creatures
  2 phantoms
  2 hounds
  A sleepcap (D:4)
  An iguana (D:4)
  An adder (D:4)
  3 worms
  7 dart slugs
  2 orcs (D:4)
  5 bats
  10 endoplasms
  6 giant cockroaches
  6 goblins
  9 hobgoblins
  5 jackals
  10 kobolds
  2 quokkas
  4 ball pythons
  5 frilled lizards (D:1)
  9 rats
90 creatures vanquished.

Notes
Turn   | Place    | Note
-------+----------+-------------------------------------------
     0 | D:1      | qw the Gargoyle Hunter began the quest for the Orb.
     0 | D:1      | Reached XP level 1. HP: 12/12 MP: 1/1
     0 | D:1      | 0 ||| qw: Version: 0.3-a-106-g2cfff9e
     0 | D:1      | 0 ||| qw: Game counter: 2026
     0 | D:1      | 0 ||| qw: Melee chars always use a shield: true
     0 | D:1      | 0 ||| qw: God list: Okawaru
     0 | D:1      | 0 ||| qw: Allow faded altars: false
     0 | D:1      | 0 ||| qw: Do Orc after clearing Dungeon:15 true
     0 | D:1      | 0 ||| qw: Do second Lair branch before Depths: true
     0 | D:1      | 0 ||| qw: Lair rune preference: random
     0 | D:1      | 0 ||| qw: Goals: Normal, Save, Zot:1-4, Win
     0 | D:1      | 0 ||| PLANNING D:1-11
    27 | D:1      | You fall into a shaft and drop 1 floor!
   123 | D:2      | Found a faded altar of an unknown god.
   158 | D:2      | Found Hecohargh's Armour Shop.
   172 | D:2      | 172 ||| UPGRADING to ring of protection from fire.
   173 | D:2      | 173 ||| DRINKING 3 blue potions.
   174 | D:2      | 174 ||| DROPPING scroll of butterflies.
   182 | D:1      | Reached XP level 2. HP: 17/17 MP: 2/2
   499 | D:1      | Reached XP level 3. HP: 21/21 MP: 3/3
   509 | D:1      | Reached skill level 5 in Ranged Weapons
   799 | D:1      | Reached skill level 3 in Fighting
   938 | D:1      | 938 ||| UPGRADING to +0 pair of boots.
   943 | D:1      | 943 ||| READING 3 scrolls labelled MAISKAPH ASAB.
   943 | D:1      | 943 ||| IDENTIFYING yellow potion
   944 | D:1      | 944 ||| READING 2 scrolls of identify.
   944 | D:1      | 944 ||| IDENTIFYING lumpy cyan potion
   945 | D:1      | 945 ||| READING scroll of identify.
   945 | D:1      | 945 ||| IDENTIFYING scroll labelled BIANIWK OWAU
   946 | D:1      | 946 ||| READING scroll of brand weapon.
   946 | D:1      | 946 ||| BRANDING +0 shortbow.
   947 | D:1      | 947 ||| DROPPING potion of degeneration.
  1026 | D:2      | Reached XP level 4. HP: 28/28 MP: 4/4
  1152 | D:2      | Found a shimmering blue altar of Sif Muna.
  1202 | D:2      | 1202 ||| BUYING +0 ring mail (56 gold).
  1202 | D:2      | Bought a +0 ring mail for 56 gold pieces
  1202 | D:2      | 1202 ||| SHOPLISTING +2 ring mail of cold resistance (294
                  | gold, have 16).
  1202 | D:2      | 1202 ||| SHOPLISTING +4 Cigotuvi's embrace {Corpsefed
                  | rMiasma ^Drain rN+} (386 gold, have 16).
  1341 | D:2      | Identified the ring of the Monkey {rF+ Str+4 Slay+3 SInv}
  1526 | D:2      | 1526 ||| UPGRADING to +0 ring mail.
  1536 | D:2      | 1536 ||| DROPPING +0 leather armour.
  1537 | D:2      | 1537 ||| UPGRADING to ring of the Monkey {rF+ Str+4 Slay+3
                  | SInv}.
  1538 | D:2      | 1538 ||| READING scroll labelled MAPTIANYAT.
  1543 | D:2      | 1543 ||| READING scroll labelled LEDOHU ZICO BYGUN.
  1603 | D:3      | Reached skill level 1 in Armour
  2050 | D:3      | 2050 ||| READING scroll labelled PYAGOP TETUS.
  2050 | D:3      | 2050 ||| ENCHANTING +0 shortbow of freezing.
  2051 | D:3      | 2051 ||| READING scroll labelled ZYUWAI ODUSAS.
  2066 | D:4      | Found a staircase to the Ecumenical Temple.
  2067 | D:4      | 2067 ||| PLANNING TEMPLE
  2073 | D:4      | Reached XP level 5. HP: 32/32 MP: 5/5
  2082 | Temple   | Entered the Ecumenical Temple
  2083 | Temple   | 2083 ||| PLANNING OKAWARU WORSHIP
  2097 | Temple   | Became a worshipper of Warmaster Okawaru
  2098 | Temple   | 2098 ||| PLANNING D:1-11
  2144 | D:4      | Noticed a phantom
  2158 | D:4      | Killed a phantom
  2159 | D:4      | Reached skill level 6 in Ranged Weapons
  2179 | D:4      | Reached XP level 6. HP: 37/37 MP: 6/6
  2340 | D:4      | Found a stormy altar of Qazlal.
  2657 | D:4      | 2657 ||| UPGRADING to +0 pair of gloves.
  2662 | D:4      | 2662 ||| READING scroll labelled REETYA CIODWAA.
  2663 | D:4      | 2663 ||| DRINKING 2 fuming emerald potions.
  2664 | D:4      | 2664 ||| DRINKING 2 metallic orange potions.
  2693 | D:5      | Entered Level 5 of the Dungeon
  2693 | D:5      | Found a runed translucent gate.
  2693 | D:5      | Found a runed translucent gate.
  2769 | D:5      | Noticed an ice beast
  2798 | D:5      | Found Ofukh's Jewellery Shop.
  2821 | D:5      | 2821 ||| SHOPLISTING +4 ring of protection (396 gold, have
                  | 108).
  2821 | D:5      | 2821 ||| SHOPLISTING +4 ring of slaying (858 gold, have
                  | 108).
  2821 | D:5      | 2821 ||| SHOPLISTING amulet of faith (440 gold, have 108).
  2821 | D:5      | 2821 ||| SHOPLISTING amulet of regeneration (330 gold, have
                  | 108).
  2830 | D:5      | Noticed Eustachio
  2832 | D:5      | 2832 ||| Stepping ~*~*~tactically~*~*~ (retreating).
  2835 | D:5      | 2835 ||| RETREEAATING.
  2838 | D:5      | 2838 ||| Stepping ~*~*~tactically~*~*~ (retreating).
  2840 | D:5      | 2840 ||| Stepping ~*~*~tactically~*~*~ (retreating).
  2843 | D:5      | 2843 ||| Stepping ~*~*~tactically~*~*~ (retreating).
  2844 | D:5      | 2844 ||| Stepping ~*~*~tactically~*~*~ (retreating).
  2845 | D:5      | 2845 ||| Stepping ~*~*~tactically~*~*~ (retreating).
  2847 | D:5      | 2847 ||| Stepping ~*~*~tactically~*~*~ (retreating).
  2867 | D:5      | HP: 6/38 [Eustachio/+6 rapier of speed (9)]
  2868 | D:5      | 2868 ||| DRINKING silvery potion.
  2869 | D:5      | 2869 ||| DRINKING fuming silvery potion.
  2870 | D:5      | Slain by Eustachio

Levels and vault maps discovered:
D:1:      dpeg_arrival_subterranean_lakeside_camping, layout_basic,
          lexackson_kobold_supper
D:2:      layout_loops_ring, basic_altar, serial_shops, shop,
          basic_ecumenical_altar, roderic_serpentine_path
D:3:      layout_basic
D:4:      minmay_inner_zag, layout_cave_pools, nicolae_qazlal_eye_of_the_storm,
          minmay_temple_entry_large_hall, chequers_decorated_corner
D:5:      layout_cave_pools, serial_shops, shop_statue, gammafunk_ghost_icy,
          minmay_fountain_box, minmay_holes, uniq_eustachio
Temple:   nicolae_temple_bog_church

Skill      XL: |  1  2  3  4  5  6 |
---------------+-------------------+-----
Ranged Weapons | 5 6 |  6.8
Fighting       | 3 4 |  4.1
Armour         | 1 |  1.9
Dodging        | |  1.5
Stealth        | |  1.1

Action                     |  1- 3 |  4- 6 || total
---------------------------+-------+-------++-------
   Fire: Shortbow          |   109 |   151 ||   260
    Use: Potion            |     1 |     4 ||     5
         Scroll            |     4 |     5 ||     9
 Armour: Leather armour    |    25 |       ||    25
         Ring mail         |       |    29 ||    29
  Dodge: Dodged            |    24 |    34 ||    58

Table legend:
 A = Non-vault XP
 B = Vault XP
 C = Vault XP percentage of total XP
 D = Non-vault monster count
 E = Vault monster count
 F = Vault count percentage of total count
                 A         B        C        D         E       F
            +---------+---------+-------+---------+---------+-------
      Total |     469 |      79 |  14.4 |      69 |      21 |  23.3
            +---------+---------+-------+---------+---------+-------
        D:1 |      46 |      20 |  30.3 |      23 |      14 |  37.8
        D:2 |      29 |       0 |   0.0 |      14 |       0 |   0.0
        D:3 |      62 |       0 |   0.0 |      12 |       0 |   0.0
        D:4 |     221 |      59 |  21.1 |      15 |       7 |  31.8
        D:5 |     111 |       0 |   0.0 |       5 |       0 |   0.0
            +---------+---------+-------+---------+---------+-------
